 Dungeon Crawl Stone Soup version 0.17-a0-1899-ge84b1df (webtiles) character file.

28 Promi the Magician (level 2, -1/15 HPs)
             Began as a Deep Elf Wizard on Sept 24, 2015.
             Slain by Terence
             ... wielding a +0 flail
              (11 damage)
             ... on level 2 of the Dungeon.
             The game lasted 00:08:02 (917 turns).

Promi the Magician (Deep Elf Wizard)                 Turns: 917, Time: 00:08:02

Health: -1/15      AC:  2    Str:  4    XL:     2   Next: 96%
Magic:  0/10       EV: 13    Int: 22    God:
Gold:   43         SH:  0    Dex: 13    Spells: 1 memorised, 10 levels left

rFire  . . .     SeeInvis .     l - staff of conjuration (curse)
rCold  . . .     Clarity  .     a - +0 robe
rNeg   . . .     SustAt   .     (no shield)
rPois  .         Gourm    .     b - +0 hat
rElec  .         Spirit   .     (no cloak)
rCorr  .         Warding  .     (no gloves)
rMut   .         Stasis   .     (no boots)
MR     .....                    (no amulet)
Stlth  ++........               (no ring)
                                (no ring)

@: not resistant to hostile enchantments, unstealthy
A: no striking features
a: no special abilities


You were on level 2 of the Dungeon.
You were not hungry.

You visited 1 branch of the dungeon, and saw 2 of its levels.

You collected 43 gold pieces.

Inventory:

Hand weapons
 f - a +0 short sword of protection
Armour
 a - a +0 robe (worn)
 b - a +0 hat (worn)
 j - a cursed +0 ring mail
Magical staves
 l - a cursed staff of conjuration (weapon)
Scrolls
 e - a scroll of remove curse {unknown}
 h - a scroll of enchant weapon {unknown}
 i - a scroll of amnesia {unknown}
 n - a scroll of noise {unknown}
Potions
 k - a potion of heal wounds {unknown}
Books
 c - a book of Minor Magic

   Spells                             Type                      Level
   a - Magic Dart                     Conjuration                  1
   b - Blink                          Translocation                2
   c - Call Imp                       Summoning                    2
   d - Repel Missiles                 Charms/Air                   2
   e - Slow                           Hexes                        2
   f - Conjure Flame                  Conjuration/Fire             3
   g - Mephitic Cloud                 Conjuration/Poison/Air       3
 m - a book of Summonings

   Spells                             Type                      Level
   a - Recall                         Summoning/Translocation      3
   b - Aura of Abjuration             Summoning                    5
   c - Shadow Creatures               Summoning                    5
   d - Summon Demon                   Summoning                    5
   e - Summon Forest                  Summoning/Translocation      5
   f - Summon Mana Viper              Hexes/Summoning              5
Comestibles
 d - a bread ration
 g - 2 chunks of flesh


   Skills:
 + Level 2.7 Dodging
 + Level 2.6 Stealth
 + Level 5.1 Spellcasting
 + Level 2.0 Conjurations
   Level 1.1 Summonings
   Level 1.1 Translocations


You had 10 spell levels left.
You knew the following spells:

 Your Spells              Type           Power        Failure   Level  Hunger
a - Magic Dart            Conj           ###.         6%          1    None


Dungeon Overview and Level Annotations

Branches:
Dungeon (2/15)

Altars:
Ru

Annotations:
D:2 Terence


Message History

Terence looks scornfully at you.
Casting: Magic Dart
Confirm with . or Enter, or press ? or * to list all spells.
Aiming: Magic Dart
Press: ? - help, Shift-Dir - straight line, f/p - Terence
Aim: Terence, wielding a flail and wearing a chain mail (almost dead)
You feel a surge of power!
The magic dart hits Terence.
Terence is almost dead.
Terence barely misses you.
Your magical contamination has completely faded away.
Casting: Magic Dart
Confirm with . or Enter, or press ? or * to list all spells.
Aiming: Magic Dart
Press: ? - help, Shift-Dir - straight line, f/p - Terence
Aim: Terence, wielding a flail and wearing a chain mail (almost dead)
You feel a surge of power!
The magic dart hits Terence.
Terence is almost dead.
Terence hits you with a flail!
Ouch! That really hurt!
You die...

######## .......#
.......#########################
.......'........@@............>#
.......###...........####.####.#
.......# #..........รท# #....#.#
.......# #...........# #.##[#.##
.......# #...........# #.#......
.......# #...........# #.#..#.#.
.......# ######..##### #.#..#.#.
.......# ##.# #.#..#.# .......#
#.## #.#.<#.#.


You could see Terence.

Vanquished Creatures
  An adder (D:2)
  2 giant cockroaches (D:2)
  2 goblins (D:2)
  A hobgoblin (D:2)
  4 jackals
  2 bats (D:2)
  A giant gecko (D:2)
  A giant newt (D:2)
  2 kobolds
  4 rats (D:2)
20 creatures vanquished.

Notes
Turn   | Place    | Note
--------------------------------------------------------------
     0 | D:1      | Promi the Deep Elf Wizard began the quest for the Orb.
     0 | D:1      | Reached XP level 1. HP: 10/10 MP: 7/7
   398 | D:1      | You fall through a shaft!
   426 | D:2      | Reached XP level 2. HP: 12/15 MP: 6/9
   562 | D:2      | Reached skill level 5 in Spellcasting
   619 | D:2      | Found a sacrificial altar of Ru.
   881 | D:2      | Noticed Terence
   917 | D:2      | Slain by Terence

Vault maps used:
D:1:      scummos_arrival_forest
D:2:      nicolae_ru_awakened_eye, uniq_terence

Action                   || total
-------------------------++-------
Melee: Short sword       ||     3
       Staff             ||     1
 Cast: Magic Dart        ||    58
 Stab: Sleeping          ||     1
